 Dungeon Crawl Stone Soup version 0.28.0 (webtiles) character file.

Game seed: 5600480866316524997

35 Ayyar the Covered (level 3, -5/25 HPs)
             Began as a Gnoll Wanderer on Apr 22, 2022.
             Killed from afar by Jessica (7 damage)
             ... with a puff of flame
             ... on level 2 of the Dungeon.
             The game lasted 00:02:27 (1371 turns).

Ayyar the Covered (Gnoll Wanderer)                  Turns: 1371, Time: 00:02:28

Health: -5/25      AC:  7    Str: 19    XL:     3   Next: 35%
Magic:  7/7        EV: 14    Int:  9    God:
Gold:   6          SH:  0    Dex:  7    Spells: 7/7 levels left

rFire   . . .      SeeInvis .   a - +0 mace
rCold   . . .      Faith    .   (no shield)
rNeg    . . .      Spirit   .   d - +0 scale mail
rPois   .          Reflect  .   (no helmet)
rElec   .          Harm     .   (no cloak)
rCorr   .          Rampage  .   (no gloves)
Will    .....                   (no boots)
Stlth   ..........              (no amulet)
HPRegen 0.08/turn               j - +4 ring of evasion
MPRegen 0.10/turn               (no ring)

@: no status effects
A: fangs 1, strong nose, distributed training
a: no special abilities


You were on level 2 of the Dungeon.
You visited 1 branch of the dungeon, and saw 2 of its levels.

You collected 6 gold pieces.

Inventory:

Hand Weapons
 a - a +0 mace (weapon)
Armour
 d - a +0 scale mail (worn)
Jewellery
 h - a ring of flight
 j - a +4 ring of evasion (left hand)
Scrolls
 e - a scroll of silence {unknown}
 f - 2 scrolls of identify {unknown}
 g - a scroll of fear {unknown}
Potions
 b - a potion of might
 c - a potion of berserk rage
 i - a potion of degeneration {unknown}


   Skills:
 + Level 0.7 Fighting
 + Level 0.7 Short Blades
 + Level 0.7 Long Blades
 + Level 0.7 Axes
 + Level 6.5 Maces & Flails
 + Level 0.7 Polearms
 + Level 0.7 Staves
 + Level 0.7 Slings
 + Level 0.7 Bows
 + Level 0.7 Crossbows
 + Level 0.7 Throwing
 + Level 6.5 Armour
 + Level 2.6 Dodging
 + Level 0.7 Stealth
 + Level 0.7 Shields
 + Level 4.5 Unarmed Combat
 + Level 2.8 Spellcasting
 + Level 0.5 Conjurations
 + Level 0.5 Hexes
 + Level 0.5 Summonings
 + Level 0.5 Necromancy
 + Level 0.5 Translocations
 + Level 0.5 Transmutations
 + Level 0.5 Fire Magic
 + Level 0.5 Ice Magic
 + Level 0.5 Air Magic
 + Level 0.5 Earth Magic
 + Level 0.5 Poison Magic
 + Level 0.9 Invocations
 + Level 0.7 Evocations


You had 7 spell levels left.
You didn't know any spells.
Your spell library was empty.

Dungeon Overview and Level Annotations

Branches:
Dungeon (2/15)

Altars:

Annotations:
D:2 Jessica


Innate Abilities, Weirdness & Mutations

You have very sharp teeth.
Your uncanny sense of smell can sniff out nearby items.
Your experience applies equally to all skills.


Message History

Jessica hits you with a +5 dagger of venom.
You are poisoned.
The rat barely misses you.
You hit Jessica but do no damage. Your bite misses Jessica.
You feel very sick.
Jessica gestures wildly while chanting.
Jessica blinks!
The rat closely misses you.
You barely miss Jessica.
You feel sick. The bat barely misses you.
Jessica casts a spell.
Jessica blinks!
The rat barely misses you.
You barely miss the bat.
You feel sick. The bat misses you. The bat hits you but does no damage.
The rat bites you but does no damage.
You hit the bat.
You kill the bat!
You feel sick. The rat closely misses you.
You closely miss the rat.
You feel sick. The rat barely misses you.
You barely miss Jessica.
You feel sick.
Jessica zaps a wand.
The puff of flame hits you!
* * * LOW HITPOINT WARNING * * *
The rat bites you but does no damage.
You are too injured to fight recklessly!
You are too injured to fight recklessly!
You feel sick.
You feel sick.
You are no longer poisoned.
Jessica zaps a wand.
The puff of flame misses you. Jessica barely misses you. The rat misses you.
You hit Jessica.
Jessica is heavily wounded.
Jessica zaps a wand.
The puff of flame hits you.
* * * LOW HITPOINT WARNING * * *
The rat bites you but does no damage.
You closely miss Jessica. Your punch misses Jessica. Your bite misses Jessica.
Jessica is heavily wounded.
Jessica zaps a wand.
The puff of flame misses you. The rat bites you but does no damage.
You closely miss Jessica.
Jessica is heavily wounded.
Jessica zaps a wand.
The puff of flame hits you!
You die...

### #. #.# #.# ..#
... #.# #.. #.#
#..#########.###
#..............#
###.#.†#######.#.#
........@@....>#.#
.......#r#####.#.#
###....#.# #.#.#
#....#.# #.#.#
......#.# #.#.#
####...#.#
#.#.#########
....#.#
#.#.........#
#.##.#.#
.########.## #.#


You could see Jessica and a rat.

Vanquished Creatures
  2 dart slugs (D:1)
  3 ball pythons (D:1)
  5 bats
  2 endoplasms
  2 giant cockroaches
  A goblin (D:1)
  5 hobgoblins
  2 kobolds (D:1)
  A quokka (D:1)
  A frilled lizard (D:1)
  2 rats (D:1)
26 creatures vanquished.

Notes
Turn   | Place    | Note
-------+----------+-------------------------------------------
     0 | D:1      | Ayyar the Gnoll Wanderer began the quest for the Orb.
     0 | D:1      | Ayyar set off with the following items: a +0 mace, a potion
                  | of might, a potion of berserk rage, a +0 scale mail
     0 | D:1      | Reached XP level 1. HP: 13/13 MP: 4/4
   307 | D:1      | Reached XP level 2. HP: 20/20 MP: 5/5
   974 | D:1      | Reached XP level 3. HP: 22/25 MP: 7/7
  1011 | D:1      | Found a faded altar of an unknown god.
  1354 | D:2      | Noticed Jessica
  1371 | D:2      | Killed from afar by Jessica

Illustrated notes

Levels and vault maps discovered:
D:1:      dpeg_arrival_water_fire, layout_basic, basic_ecumenical_altar
D:2:      layout_basic, minmay_misc_feat_roman, minmay_three_crescents,
          uniq_jessica

Action                   || total
-------------------------++-------
Melee: Mace              ||    76
       Bite              ||     4
       Punch             ||     1
Armor: Scale mail        ||    42
Dodge: Dodged            ||    65
